 Dungeon Crawl Stone Soup version 0.30.0-29-ga12c61a403 (webtiles) character file.

Game seed: 12071749994032744946

319 Ijustatesigmund the Stinger (level 6, 0/39 HPs)
             Began as an Octopode Venom Mage on June 14, 2023.
             Slain by Crazy Yiuf
             ... wielding a +2 quarterstaff of chaos
              (4 damage)
             ... on level 3 of the Dungeon.
             The game lasted 00:08:33 (4292 turns).

Ijustatesigmund the Stinger (Octopode Venom Mage)   Turns: 4292, Time: 00:08:34

Health: 0/39       AC:  1    Str: 13    XL:     6   Next: 45%
Magic:  11/11      EV: 18    Int: 20    God:
Gold:   73         SH:  5    Dex: 12    Spells: 1/11 levels left

rFire   . . .        f - +0 hand axe
rCold   + . .        (no shield)
rNeg    . . .        (helmet restricted)
rPois   .            j - amulet of reflection
rElec   .            c - +6 ring of strength
rCorr   .            k - ring of protection from cold
SInv    .            i - +5 ring of evasion
Will    .....        (no ring)
Stlth   +++          (no ring)
HPRegen 0.26/turn    (no ring)
MPRegen 0.12/turn    (no ring)
                     (no ring)

%: reflection
@: no status effects
A: almost no armour, amphibious, 8 rings, camouflage 1, gelatinous body 1,
(nimble swimmer 1), tentacles
a: no special abilities


You were on level 3 of the Dungeon.
You visited 1 branch of the dungeon, and saw 3 of its levels.
You also visited: Sewer.

You collected 73 gold pieces.

Inventory:

Hand Weapons
 f - a +0 hand axe (weapon)
Jewellery
 c - a +6 ring of strength (left tentacle)
 i - a +5 ring of evasion (on tentacle)
 j - an amulet of reflection (around mantle)
 k - a ring of protection from cold (right tentacle)
Scrolls
 d - a scroll of enchant armour
 m - a scroll of identify
Potions
 a - 3 potions of magic
 b - a potion of lignification
 e - a potion of heal wounds
 g - a potion of ambrosia {unknown}
 h - a potion of attraction {unknown}
 l - a potion of resistance {unknown}
 o - a potion of brilliance {unknown}


   Skills:
 - Level 1.7 Fighting
 - Level 1.1 Axes
 - Level 2.0 Dodging
 - Level 2.6 Stealth
 + Level 3.3 Spellcasting
 + Level 2.2 Conjurations
 - Level 1.0 Transmutations
 + Level 2.5 Air Magic
 + Level 5.1 Poison Magic


You had one spell level left.
You knew the following spells:

 Your Spells              Type           Power      Damage    Failure   Level
a - Sting                 Tmut/Pois      60%        1d6       3%          1
b - Poisonous Vapours     Pois/Air       36%        N/A       4%          2
c - Mephitic Cloud        Conj/Pois/Air  16%        N/A       11%         3
d - Olgreb's Toxic Radia  Pois           24%        N/A       16%         4

Your spell library contained the following spells:

 Spells                   Type           Power      Damage    Failure   Level
 Magic Dart               Conj           48%        1d5       5%          1
 Call Imp                 Summ           6%         N/A       21%         2
 Tukima's Dance           Hex            3%         N/A       38%         3
 Passage of Golubria      Tloc           3%         N/A       80%         4
 Yara's Violent Unravell  Hex/Tmut       2%         3d3       97%         5


Dungeon Overview and Level Annotations

Branches:
Dungeon (3/15)              Sewer (visited)

Altars:

Annotations:
D:3 Crazy Yiuf


Innate Abilities, Weirdness & Mutations

You cannot wear most types of armour.
You are amphibious.
You can wear up to eight rings at the same time.
Your skin changes colour to match your surroundings (Stealth+).
Your rubbery body absorbs attacks. (AC +1, EV +1)
((You are camouflaged when in or above water. (Stealth+)))
You have tentacles for arms and can constrict up to eight enemies at once.


Message History

No target in view!
No target in view!
No target in view!
No target in view!
No target in view!
No target in view!
m - a scroll of identify This spell is quite dangerous to cast!
Memorise Olgreb's Toxic Radiance, consuming 4 spell levels and leaving 1?
You start memorising the spell.
You continue memorising. x4
You finish memorising.
Spell assigned to 'd'.
You see here an adder skeleton.
You enter the shallow water.
You see here a quokka skeleton.
Found a stone.
You see here a stone.
You see here a +0 dagger.
You see here a +0 club.
Crazy Yiuf grits, "Gnoll!
Seed light seventy."
You open the door. You hit Crazy Yiuf. You grab Crazy Yiuf.
Crazy Yiuf is lightly wounded.
You constrict Crazy Yiuf.
Crazy Yiuf hits you with a +2 quarterstaff of chaos!
You are electrocuted!
You completely miss Crazy Yiuf.
Crazy Yiuf is lightly wounded.
You constrict Crazy Yiuf.
Crazy Yiuf says, "Whiteboard childish leg!"
Crazy Yiuf misses you.
You hit Crazy Yiuf but do no damage.
Crazy Yiuf is moderately wounded.
You constrict Crazy Yiuf. You block Crazy Yiuf's attack.
You hit Crazy Yiuf but do no damage. You squeeze Crazy Yiuf.
Crazy Yiuf is severely wounded.
You constrict Crazy Yiuf.
Crazy Yiuf hits you with a +2 quarterstaff of chaos!
* * * LOW HITPOINT WARNING * * *
Crazy Yiuf burns you.
You die...

##..## #.#
##.##.)
#....# #.#
#..###.
♣....♣ #.##
#.## #.
♣...♣♣ #..#
#.####.
♣♣.♣♣ ##.#
#.##... ♣.♣♣
##.###<##.#.
♣♣.♣
#.........##
♣.♣♣
#.........#
♣♣@♣
#........##
#g#
#.....<..# #
...
#...÷....# #
#...#
#....>...###
#..)#
#...........
#####
#...........
######......
#..)...
#......


You could see Crazy Yiuf.

Vanquished Creatures
  A kobold brigand (Sewer)
  Robin (D:1)
  6 adders
  8 river rats (Sewer)
  A dart slug (D:2)
  2 worms
  4 orcs (D:3)
  10 ball pythons
  2 endoplasms
  5 giant cockroaches
  7 hobgoblins
  4 quokkas
  7 bats
  4 frilled lizards
  10 goblins
  19 kobolds
  21 rats
112 creatures vanquished.

Vanquished Creatures (collateral kills)
  A ball python (D:1)
  A goblin (D:1)
  A rat (D:1)
3 creatures vanquished.

Grand Total: 115 creatures vanquished

Notes
Turn   | Place    | Note
-------+----------+-------------------------------------------
     0 | D:1      | Ijustatesigmund the Octopode Venom Mage began the quest for
                  | the Orb.
     0 | D:1      | Reached XP level 1. HP: 11/11 MP: 3/3
   109 | D:1      | Found a faded altar of an unknown god.
   340 | D:1      | Reached XP level 2. HP: 18/18 MP: 5/5
   343 | D:1      | Learned a level 2 spell: Poisonous Vapours
   380 | D:1      | Reached skill level 4 in Poison Magic
   680 | D:1      | Reached skill level 1 in Fighting
  1096 | D:2      | Reached XP level 3. HP: 17/23 MP: 4/6
  1105 | D:2      | Identified the +0 helmet of Impermeability {rCorr}
  1105 | D:2      | Noticed Robin
  1359 | D:1      | Learned a level 3 spell: Mephitic Cloud
  1412 | D:1      | Killed Robin
  1612 | D:2      | Reached skill level 1 in Air Magic
  1876 | D:2      | Reached XP level 4. HP: 28/28 MP: 4/7
  2689 | D:3      | Reached skill level 1 in Conjurations
  2903 | D:3      | Found a runed translucent door.
  2904 | D:3      | Noticed Crazy Yiuf
  3018 | D:3      | Found a glowing drain.
  3026 | D:3      | Reached XP level 5. HP: 34/34 MP: 9/9
  3029 | Sewer    | Entered a sewer
  3599 | Sewer    | Reached skill level 5 in Poison Magic
  3599 | Sewer    | Reached XP level 6. HP: 28/39 MP: 5/10
  3738 | Sewer    | Reached skill level 1 in Axes
  4217 | D:3      | Learned a level 4 spell: Olgreb's Toxic Radiance
  4292 | D:3      | Slain by Crazy Yiuf

Illustrated notes

Levels and vault maps discovered:
D:1:      dpeg_arrival_lava_temple_mockup, layout_loops_ring,
          shapermc_ecumenical_altar_gd, minmay_pentomino_t2
D:2:      layout_loops_ring, uniq_robin
D:3:      layout_rooms, portal_sewer_entry_f, uniq_crazy_yiuf_cottage

Skill      XL: |  1  2  3  4  5  6 |
---------------+-------------------+-----
Poison Magic   | 4 5 |  5.1
Fighting       | 1 |  1.7
Air Magic      | 1 2 |  2.5
Conjurations   | 1 2 |  2.2
Spellcasting   | 3 |  3.3
Axes           | 1 |  1.1
Dodging        | |  2.0
Stealth        | |  2.6
Transmutations | |  1.0

Action                     |  1- 3 |  4- 6 || total
---------------------------+-------+-------++-------
  Melee: Unarmed           |     4 |       ||     4
         Tentacles         |    15 |    31 ||    46
         Short sword       |     3 |       ||     3
         Constrict         |    18 |    37 ||    55
         Hand axe          |    57 |   136 ||   193
         Punch             |     2 |     4 ||     6
   Cast: Sting             |     6 |     4 ||    10
         Poisonous Vapours |     4 |    10 ||    14
         Mephitic Cloud    |       |     4 ||     4
    Use: Scroll            |     4 |     5 ||     9
         Potion            |       |     5 ||     5
   Stab: Sleeping          |     6 |     6 ||    12
         Confused          |       |     1 ||     1
 Armour: Skin              |     5 |     7 ||    12
  Dodge: Dodged            |    56 |   126 ||   182
  Block: Other             |       |    28 ||    28
